 Dungeon Crawl Stone Soup version 0.14.0-9-g9c5475a (webtiles) character file.

510407 MDvedh the Conqueror (level 25, -17/230 (231) HPs)
             Began as a Hill Orc Gladiator on Apr 14, 2014.
             Was the Champion of Beogh.
             Demolished by an Orb Guardian (21 damage)
             ... on Level 5 of the Realm of Zot.
             The game lasted 03:13:38 (60460 turns).

MDvedh the Conqueror (Hill Orc Gladiator)          Turns: 60460, Time: 03:13:38

HP -17/230 (231) AC 53     Str 27      XL: 25   Next:  1%
MP  22/22        EV  7     Int  9 (10) God: Beogh [******]
Gold 4231        SH  0     Dex 11      Spells:  0 memorised, 24 levels left

rFire  + . .     SeeInvis +     a - +5,+7 battleaxe (vamp)
rCold  + + +     Clarity  .     v - +9 armour of the Dragon King {rPois rF+ rC+ MR+}
rNeg   + + .     Conserve .     (no shield)
rPois  +         rCorr    +     K - -2 helmet
rElec  +         rRot     .     i - +4 dragonskin cloak
SustAb . .       Spirit   .     j - +1 pair of gloves of Shielding {rC+ rN+ Str-2 Dam+4}
rMut   .         Warding  .     M - +1 pair of boots {+Jump}
Saprov + . .     Stasis   .     c - amulet of faith
MR     +++..                    A - ring of Adousot {Str+1 SInv}
                                p - ring "Klyocs" {+Inv +Fly rC+ Stlth++}

@: extremely resistant to hostile enchantments, extremely unstealthy
A: walk on water, fangs 1, icy blue scales 1, clever 1, deterioration 1, frail
1, magic resistance 1, saprovore 1, weak 1
a: Smiting, Recall Orcish Followers, Renounce Religion, Evoke Invisibility,
Evoke Flight, Evoke Jump Attack
}: 3/15 runes: barnacled, silver, gossamer


You were on level 5 of the Realm of Zot.
You worshipped Beogh.
Beogh was exalted by your worship.
You were not hungry.

You visited 8 branches of the dungeon, and saw 52 of its levels.
You also visited: Labyrinth, Trove, Bailey and Ice Cave.

You collected 5784 gold pieces.
You spent 1553 gold pieces at shops.

Inventory:

Hand weapons
 a - a +5,+7 vampiric battleaxe (weapon)
Missiles
 y - a throwing net (quivered)
Armour
 i - the +4 dragonskin cloak (worn)
   (You took it off Tiamat on level 2 of the Realm of Zot)
 j - the +1 pair of gloves of Shielding (worn) {rC+ rN+ Str-2 Dam+4}
   (You found it in an ice cave)

   It affects your strength (-2).
   It affects your damage with ranged weapons and melee attacks (+4).
   It protects you from cold.
   It protects you from negative energy.
 v - the +9 armour of the Dragon King (worn) {rPois rF+ rC+ MR+}
   (You bought it in a shop on level 4 of the Orcish Mines)

   It protects you from fire.
   It protects you from cold.
   It protects you from poison.
   It affects your resistance to hostile enchantments.
 K - a -2 helmet (worn)
 M - a +1 pair of boots of jumping (worn)
Magical devices
 b - a wand of magic darts (12)
 h - a wand of cold (1)
 r - a wand of disintegration (0)
 t - a wand of cold (2)
 x - a wand of disintegration (18)
 E - a wand of teleportation (4)
 R - a wand of digging (1)
Comestibles
 f - 3 meat rations
 k - an apple
 l - 2 chokos
 n - 7 sultanas
 o - a royal jelly
 D - a pear
 I - a cheese
 P - 14 bread rations
Scrolls
 m - a scroll of remove curse
 Q - a scroll of silence
Jewellery
 c - an amulet of faith (around neck)
 d - an uncursed amulet of resist mutation
 p - the ring "Klyocs" (left hand) {+Inv +Fly rC+ Stlth++}
   (You found it on level 2 of the Lair of Beasts)

   [ring of protection from cold]

   It lets you turn invisible.
   It lets you fly.
   It makes you much more stealthy.
 w - an uncursed ring of regeneration
 z - an uncursed amulet of resist corrosion
 A - the ring of Adousot (right hand) {Str+1 SInv}
   (You found it in a bailey)

   [ring of strength]

   It affects your strength (+1).
   It enhances your eyesight.
 G - an uncursed ring of positive energy
 H - a +4 ring of dexterity
Potions
 u - a potion of restore abilities
 C - a potion of agility
Books
 q - a manual of Axes
Miscellaneous
 J - a legendary deck of defence {Flight}


   Skills:
 O Level 27 Fighting
 O Level 27 Axes
 - Level 2.0 Throwing
 O Level 27 Armour
 + Level 3.5 Dodging


You had 24 spell levels left.
You didn't know any spells.

Dungeon Overview and Level Annotations

Branches:
Dungeon (15/15)            Temple (0/1) D:7             Orc (4/4) D:11
    Elf (0/3) Orc:3          Lair (8/8) D:8          Shoals (5/5) Lair:4
 Spider (5/5) Lair:5        Slime (0/6) Lair:6       Vaults (5/5) D:14
  Blade (0/1) Vaults:4      Crypt (0/5) Vaults:2        Zot (5/5) Depths:5
 Depths (5/5) D:15

Altars:
Ashenzari
Cheibriados
Fedhas
Kikubaaqudgha
Nemelex Xobeh
Sif Muna
Trog
Vehumet
Xom
Yredelemnul
Zin
The Shining One
Beogh

Shops:
D:12 [   D:13 :   D:14 [   Orc:3 :   Orc:4 [%}}   Vaults:3 (

Portals:
Hell: Depths:1 Depths:2 Depths:3 Depths:4 Depths:5
Abyss: Depths:4
Pandemonium: Depths:3
Ziggurat: Depths:5


Innate Abilities, Weirdness & Mutations

You can tolerate rotten meat.
You can walk on water.
You have very sharp teeth.
You are partially covered in icy blue scales (AC +1).
Your mind is acute. (Int +2)
Your body is slowly deteriorating.
You are frail (-10% HP).
You are resistant to hostile enchantments.
You are weak. (Str -2)


Message History

The moth of wrath is moderately wounded.
You barely miss the Orb Guardian.
The Orb Guardian is lightly wounded.
You closely miss the Orb Guardian.
The Orb Guardian is severely wounded.
You slice the moth of wrath!!
You feel better.
The moth of wrath is severely wounded.
You closely miss the death cob.
The death cob is moderately damaged.
You slice the red draconian!!
The red draconian is moderately wounded.
The Orb Guardian is engulfed in poison gas.
The Orb Guardian looks even sicker.
The Orb Guardian hits you!
* * * LOW HITPOINT WARNING * * *
The death cob hits you but does no damage.
The Orb Guardian looks even sicker.
The Orb Guardian hits you!
* * * LOW HITPOINT WARNING * * *
The Orb Guardian is engulfed in poison gas.
The Orb Guardian looks even sicker.
The Orb Guardian hits you!
You die...

******* *.................,,,,,,,
,,,,,,***.................,,,,,,,
,,,,,,,**.................,,,,,,*
,,,,,,,,*,...............,,,,,,**
..,,,,,,,................. ,,,**
d,,,,,,,*....X...............,,**
.,,,,,,**......?........dd....,,*
.,,,,,**▓.....§Xy%.............,,
******* #...§.§X@dd.............,
##....§§y..§§d..........*
##▓...§....d...§......▓*
▓▓▓▓.........§.....▓*
#▓▓▓▓▓▓▓▓▓▓▓##d....▓▓
###..((.......8L§§....##
##....##........§.......##
########...###.........§........#
..........###...............^....


You could see a black draconian, a green draconian, a purple draconian, a red
draconian, 3 Orb Guardians, a death cob and 2 moths of wrath.

Vanquished Creatures
  3 orbs of fire
  Tiamat (Zot:2)
  An ancient lich (Depths:4)
  Saint Roka (Shoals:5)
  Boris (Depths:5)
  The ghost of MDvedh the Conqueror, a great GrFi of Okawaru (Zot:5)
  2 Killer Klowns
  Mennas (Vaults:2)
  7 golden dragons
  3 bone dragons
  3 electric golems (Zot:2)
  Frederick (Depths:5)
  4 liches
  A deep elf blademaster (Depths:3)
  10 tentacled monstrosities
  2 titans (Vaults:5)
  8 Orb Guardians (Zot:5)
  8 storm dragons
  The ghost of Bloax the Severer, a mighty VSBe of Trog (Depths:5)
  2 sphinxes
  Agnes (Shoals:5)
  4 shadow dragons
  5 tengu reavers
  2 deep elf sorcerers
  4 draconian monks
  7 fire giants
  5 frost giants
  6 vault wardens
  A draconian scorcher (Zot:2)
  3 draconian zealots
  8 ghost moths
  4 draconian knights
  An octopode crusher (Depths:4)
  7 emperor scorpions
  3 draconian annihilators
  2 war gargoyles (Vaults:5)
  2 draconian shifters
  2 spriggan defenders
  A draconian caller (Zot:5)
  9 stone giants
  2 deep elf demonologists
  A salamander firebrand (Depths:4)
  5 grey draconians
  3 green draconians
  A vampire knight (Depths:5)
  3 dire elephants (Depths:2)
  2 black draconians
  8 red draconians
  6 white draconians
  A lorocyproca (Depths:3)
  Azrael (D:15)
  5 yellow draconians
  A curse skull (Depths:4)
  5 deep elf annihilators
  2 purple draconians
  11 pale draconians
  6 mottled draconians
  A black draconian (shapeshifter) (Depths:3)
  9 ettins
  2 blizzard demons (IceCv)
  2 minotaurs
  A crystal guardian (Depths:3)
  3 merfolk javelineers (Shoals:5)
  2 sirens (Shoals:5)
  14 fire dragons
  3 fire dragons (shapeshifter) (Depths:3)
  12 yaktaur captains
  6 vault guards
  2 deep elf high priests
  A hydra (Lair:5)
  2 fire crabs
  7 spriggan air magi
  A dancing weapon (Depths:3)
  6 ironheart preservers
  6 ice dragons
  12 rakshasas
  2 ravenous feature mimics
  4 death cobs
  A great orb of eyes (Vaults:1)
  6 ogre magi
  5 ice dragons (shapeshifter) (Depths:3)
  A human zombie (Depths:5)
  2 mana vipers (Depths:3)
  4 merfolk aquamancers
  A tengu warrior (D:11)
  9 deep troll earth magi
  12 death yaks
  2 spriggan berserkers (Depths:5)
  6 spriggans
  A shock serpent (shapeshifter) (Vaults:4)
  Urug (D:12)
  2 deep troll shamans
  2 spriggan enchanters
  5 soul eaters (Depths:4)
  16 very ugly things
  A catoblepas (Depths:2)
  A salamander mystic (Depths:3)
  3 centaur warriors
  8 deep elf knights
  7 hell knights
  A hell beast (Depths:5)
  5 iron trolls
  4 ice devils (IceCv)
  A shadow wraith (Depths:4)
  A giant orange brain (Depths:4)
  4 wizards
  A deep elf summoner (Depths:5)
  4 orb spiders
  An unseen horror (D:11)
  A water nymph (Shoals:3)
  4 small abominations
  7 deep trolls
  2 ice statues (IceCv)
  2 tengu zombies
  4 necromancers
  A deathcap (Zot:3)
  8 deep elf conjurers
  A mana viper (shapeshifter) (Depths:5)
  An orc knight (Vaults:5)
  A giant orange brain (shapeshifter) (Depths:5)
  8 harpies
  2 ironbrand convokers
  Joseph (D:12)
  A frost giant zombie (Vaults:3)
  3 orc sorcerers
  A faun (Shoals:3)
  4 hill giants
  18 moths of wrath
  2 red wasps
  2 cyclopes
  22 wolf spiders
  3 elephants
  6 manticores
  6 griffons
  A guardian serpent (shapeshifter) (Vaults:2)
  5 salamanders (Depths:4)
  A black mamba (Lair:3)
  4 mermaids
  9 vault sentinels
  4 naga magi
  An eye of devastation (shapeshifter) (Depths:1)
  A smoke demon (Depths:2)
  13 spiny frogs
  17 yaktaurs
  A white draconian zombie (Depths:5)
  An item mimic (Lair:3)
  A yaktaur zombie (Depths:2)
  2 anaconda simulacra (Depths:3)
  4 kobold demonologists
  6 trolls
  3 spriggan zombies
  A fire drake (shapeshifter) (Depths:2)
  An iron devil (Depths:5)
  9 demonic crawlers
  A silent spectre (Depths:4)
  An efreet (Depths:3)
  A tengu simulacrum (Vaults:3)
  6 komodo dragons
  A tengu conjurer (Depths:5)
  2 deep elf priests (Depths:1)
  5 merfolk (Shoals:5)
  3 freezing wraiths
  5 fire drakes
  A wandering mushroom (Zot:3)
  10 jumping spiders
  5 giant fireflies
  A polar bear (Lair:5)
  A shadow dragon simulacrum (Depths:5)
  A catoblepas zombie (D:10)
  4 boggarts (Depths:4)
  9 blue devils
  A giant leech (Lair:8)
  A jumping spider (shapeshifter) (Depths:2)
  2 wind drakes
  3 hellwings
  A blink frog (shapeshifter) (Vaults:1)
  4 ravens (Depths:5)
  7 two-headed ogres
  3 snapping turtles
  3 boulder beetles
  9 blink frogs
  6 slime creatures
  An air elemental (Depths:5)
  2 flying skulls (Depths:4)
  3 vampires
  14 tarantellas
  8 trapdoor spiders
  31 redbacks
  A ynoxinul (Orc:4)
  2 tarantellas (shapeshifter)
  7 deep elf magi
  3 water elementals
  2 basilisks
  A hill giant zombie (D:8)
  A wyvern (D:10)
  2 yaks (shapeshifter)
  An orc zombie (Depths:2)
  A shadow (D:12)
  A giant firefly zombie (Depths:5)
  An elephant slug (Lair:7)
  5 deep elf fighters
  A chaos spawn (Vaults:5)
  22 yaks
  3 fire elementals
  A hungry ghost (Depths:4)
  27 ugly things
  2 hill giant skeletons (D:13)
  8 humans (D:8)
  5 sharks
  A mottled dragon (D:14)
  Edmund (D:6)
  Menkaure (D:5)
  A wolf (Orc:3)
  7 hippogriffs
  11 vampire mosquitoes
  2 necrophages
  An orange crystal statue (Depths:2)
  4 wargs
  5 porcupines
  2 phantoms
  12 water moccasins
  2 hydra simulacra (Depths:3)
  10 ice beasts
  A hell hound (D:15)
  A sky beast (D:10)
  3 yellow wasps
  9 spiders
  10 orc warriors
  6 centaurs
  A boring beetle (Spider:4)
  3 giant goldfish
  27 ogres
  9 crocodiles
  A human skeleton (Vaults:3)
  The ghost of Stendarr the Magician, an average HEAE (D:4)
  A brain worm (D:12)
  7 giant slugs
  A giant slug (shapeshifter) (Vaults:5)
  A cyclops zombie (D:15)
  16 giant frogs
  5 big kobolds
  A wyvern zombie (D:13)
  2 eyes of draining (D:8)
  A wight (Depths:4)
  6 scorpions
  4 killer bees (D:14)
  2 goliath beetles
  A manticore simulacrum (D:15)
  5 electric eels
  2 quasits
  A troll skeleton (D:10)
  A pulsating lump (shapeshifter) (Depths:3)
  4 big fish
  10 crimson imps
  2 elf zombies
  10 hounds
  Crazy Yiuf (D:4)
  3 jellies (D:11)
  8 orc priests
  3 orc wizards
  2 iguanas
  6 worker ants
  19 sheep
  An ogre zombie (D:6)
  Ijyb (D:6)
  Jessica (D:2)
  An ogre skeleton (D:6)
  A mummy (Depths:4)
  A gnoll (D:7)
  38 green rats
  9 worms
  24 adders
  An inept feature mimic (D:7)
  6 shadow imps
  4 giant mites
  8 white imps (IceCv)
  7 ufetubi
  2 giant eyeballs
  6 giant geckos
  5 oozes
  20 orcs
  2 bat zombies (D:6)
  8 giant cockroaches
  21 hobgoblins
  20 jackals
  9 quokkas
  A ball python (D:3)
  26 bats
  3 giant newts
  2 giant spores
  17 goblins
  A goblin skeleton (D:4)
  A jackal skeleton (D:6)
  24 kobolds
  2 kobold zombies
  A quokka skeleton (D:5)
  19 rats
  A rat skeleton (D:7)
  5 rat zombies (D:6)
  8 ballistomycetes
  4 crawling corpses
  13 fungi
  4 plants
1451 creatures vanquished.

Vanquished Creatures (collateral kills)
  2 curse toes
  A golden dragon (Zot:3)
  Nikola (Vaults:1)
  2 tentacled monstrosities
  3 titans (Vaults:5)
  A quicksilver dragon (Vaults:5)
  A lich (Vaults:3)
  2 storm dragons
  Rupert (Lair:6)
  2 tengu reavers
  3 shadow dragons
  Wiglaf (Vaults:2)
  An iron dragon (Vaults:4)
  Maud (Lair:3)
  6 vault wardens
  2 ghost moths (Spider:5)
  3 frost giants
  2 emperor scorpions
  A balrug (Depths:4)
  A draconian shifter (Zot:3)
  6 stone giants
  A reaper (Depths:2)
  2 draconian annihilators
  A grey draconian (Zot:5)
  3 deep elf annihilators
  A black draconian (Zot:2)
  A dire elephant (Depths:5)
  3 merfolk javelineers (Shoals:5)
  6 ettins
  A great orb of eyes (Vaults:3)
  3 fire dragons
  9 vault guards
  Josephine (D:13)
  5 yaktaur captains
  2 deep elf high priests (Vaults:5)
  7 ironheart preservers
  5 ice dragons
  A death cob (Zot:2)
  3 hydras
  A ravenous feature mimic (Vaults:2)
  2 satyrs (Shoals:5)
  4 centaur warriors
  A ravenous item mimic (Vaults:5)
  4 rakshasas
  3 ogre magi
  2 merfolk aquamancers (Shoals:5)
  A death yak (Depths:2)
  A spriggan berserker (Depths:5)
  3 orc high priests (Orc:4)
  A titan zombie (Vaults:3)
  A soul eater (Depths:4)
  A very ugly thing (Depths:1)
  A salamander mystic (Depths:4)
  An ice devil (IceCv)
  8 hill giants
  2 ironbrand convokers
  A hell knight (Depths:2)
  2 iron trolls
  5 deep trolls
  A storm dragon skeleton (Vaults:3)
  A flayed ghost (Vaults:4)
  7 orb spiders
  A deep elf summoner (Vaults:1)
  2 wizards (Vaults:1)
  2 harpies (Vaults:3)
  4 orc knights
  A phantasmal warrior (Vaults:3)
  4 deep elf conjurers
  3 necromancers
  A red wasp (Vaults:2)
  2 fauns (Shoals:3)
  11 wolf spiders
  5 elephants
  8 cyclopes
  4 manticores
  3 black mambas
  2 gargoyles
  2 mermaids (Shoals:5)
  A smoke demon (Orc:4)
  A moth of wrath (Zot:3)
  11 vault sentinels
  13 spiny frogs
  18 yaktaurs
  An orange demon (Orc:4)
  2 centaur zombies
  A kobold demonologist (D:15)
  A hellwing (Orc:1)
  A yaktaur zombie (Vaults:3)
  An iron devil (Vaults:5)
  A deep elf priest (Vaults:3)
  A fire drake (Lair:7)
  6 demonic crawlers
  3 freezing wraiths
  A jumping spider (shapeshifter) (Vaults:2)
  2 red devils
  2 wandering mushrooms (Zot:3)
  14 jumping spiders
  8 two-headed ogres
  3 trolls
  A hydra zombie (D:15)
  A giant firefly (Depths:5)
  Sonja (Spider:1)
  5 merfolk
  4 komodo dragons
  14 blink frogs
  2 giant leeches (Lair:8)
  A grizzly bear (Lair:5)
  A snapping turtle (Shoals:5)
  10 trapdoor spiders
  A frost giant simulacrum (Depths:2)
  4 water elementals
  A shadow (D:15)
  13 redbacks
  13 tarantellas
  2 wraiths
  An air elemental (Depths:5)
  A ynoxinul (Orc:4)
  7 sharks
  An elephant slug (Lair:8)
  A wyvern (D:8)
  12 yaks
  Grum (Orc:3)
  9 ugly things
  4 deep elf fighters
  A steam dragon (D:14)
  3 fire elementals (D:15)
  2 humans (D:8)
  A wolf (Orc:3)
  A chaos spawn (Spider:1)
  5 wargs
  4 hippogriffs
  7 water moccasins
  12 vampire mosquitoes
  22 orc warriors
  An orange crystal statue (D:10)
  2 hell hounds
  A sky beast (D:10)
  2 ice beasts (Spider:2)
  3 porcupines
  An elf zombie (D:15)
  17 spiders
  11 ogres
  4 centaurs
  2 human zombies (Vaults:3)
  A manticore zombie (D:15)
  2 giant goldfish
  2 black bears
  6 crocodiles
  A boring beetle (Lair:7)
  A manticore skeleton (D:13)
  A big kobold (D:12)
  A brain worm (D:15)
  5 giant slugs
  10 giant frogs
  A yaktaur skeleton (D:13)
  A jelly (D:7)
  2 scorpions
  2 killer bees (D:14)
  7 electric eels
  6 big fish
  3 goliath beetles
  2 pulsating lumps (Lair:6)
  4 crimson imps
  2 cyclops simulacra (D:13)
  10 orc priests
  7 orc wizards
  9 hounds
  5 iguanas
  3 worker ants
  11 sheep
  A hound skeleton (D:8)
  A mummy (D:11)
  8 adders
  2 gnolls (D:7)
  46 green rats
  An inept feature mimic (D:9)
  A giant mite (Lair:4)
  A worm (Spider:5)
  2 ufetubi (Orc:4)
  2 giant eyeballs
  A giant gecko (D:10)
  23 orcs
  A giant cockroach (Depths:1)
  7 goblins
  6 hobgoblins
  9 jackals
  11 kobolds
  3 quokkas
  4 bats
  2 rats
  2 ballistomycetes (D:15)
  2 butterflies (Lair:3)
  2 fungi
  18 plants
773 creatures vanquished.

Vanquished Creatures (others)
  A shadow dragon (Vaults:5)
  A tengu reaver (Depths:1)
  A draconian scorcher (Zot:3)
  4 orc warlords
  A war gargoyle (Vaults:5)
  19 vault guards (Vaults:5)
  A deep elf high priest (Vaults:5)
  41 orc knights
  9 orc high priests
  A sun demon (Vaults:2)
  A ball lightning (Zot:3)
  An unseen horror (Depths:3)
  A shadow dragon zombie (Depths:2)
  4 orc sorcerers
  2 phantasmal warriors (Vaults:5)
  A sixfirhy (Depths:5)
  46 orc warriors
  A fire drake (Zot:5)
  A redback zombie (Spider:3)
  An orange demon (Vaults:2)
  2 deep elf priests (Vaults:5)
  A red devil (Vaults:5)
  An iron devil (Shoals:5)
  A tarantella zombie (Spider:3)
  A snapping turtle (shapeshifter) (Vaults:5)
  A ynoxinul (Depths:2)
  A vampire mosquito (Vaults:1)
  2 chaos spawn
  A deep elf fighter (Vaults:5)
  A merfolk zombie (Shoals:5)
  A neqoxec (Spider:1)
  An ogre (Depths:1)
  A mermaid zombie (Shoals:5)
  A centaur zombie (D:14)
  53 orc priests
  23 orc wizards
  A brain worm zombie (D:12)
  2 white imps (IceCv)
  A shadow imp (Spider:1)
  6 ufetubi
  145 orcs
  A bat (D:3)
  A giant spore (D:11)
  A kobold (D:4)
  4 orc zombies
  A rat (D:9)
  A bush (Lair:2)
  7 fungi
  9 plants
410 creatures vanquished.

Grand Total: 2634 creatures vanquished

Notes
Turn   | Place    | Note
--------------------------------------------------------------
     0 | D:1      | MDvedh, the Hill Orc Gladiator, began the quest for the Orb.
     0 | D:1      | Reached XP level 1. HP: 18/18 MP: 1/1
   316 | D:1      | Reached XP level 2. HP: 18/25 MP: 2/2
   323 | D:1      | Reached skill level 5 in Axes
   762 | D:1      | Reached XP level 3. HP: 28/30 MP: 3/3
   958 | D:1      | Found a sparkling altar of Nemelex Xobeh.
  1034 | D:2      | Noticed Jessica
  1048 | D:2      | Killed Jessica
  1048 | D:2      | Reached skill level 6 in Axes
  1048 | D:2      | Reached XP level 4. HP: 19/37 MP: 4/4
  1483 | D:2      | Reached skill level 7 in Axes
  1791 | D:3      | Reached XP level 5. HP: 38/42 MP: 5/5
  2267 | D:3      | Reached skill level 8 in Axes
  2278 | D:3      | Became a worshipper of Beogh the Brigand
  3010 | D:4      | Noticed Stendarr's ghost (average HEAE)
  3045 | D:3      | Reached XP level 6. HP: 32/50 MP: 6/6
  3255 | D:4      | Killed Stendarr's ghost
  3255 | D:4      | Reached skill level 9 in Axes
  3554 | D:4      | Noticed Crazy Yiuf
  3564 | D:4      | Killed Crazy Yiuf
  3947 | D:4      | Found a basalt altar of Yredelemnul.
  3947 | D:4      | Noticed an ogre
  3951 | D:4      | Killed an ogre
  3951 | D:4      | Reached skill level 10 in Axes
  3951 | D:4      | Reached XP level 7. HP: 32/56 MP: 7/7
  4084 | D:4      | Found a deep blue altar of Sif Muna.
  4090 | D:4      | Found a glowing silver altar of Zin.
  4124 | D:4      | Acquired Beogh's first power
  4158 | D:4      | Found a snail-covered altar of Cheibriados.
  4264 | D:5      | Entered Level 5 of the Dungeon
  4716 | D:5      | Noticed Menkaure
  4722 | D:5      | Killed Menkaure
  4722 | D:5      | Reached skill level 11 in Axes
  5181 | D:5      | Acquired Beogh's second power
  5314 | D:5      | Reached skill level 12 in Axes
  5314 | D:5      | Reached XP level 8. HP: 25/62 MP: 8/8
  5874 | D:6      | Noticed Ijyb
  5886 | D:6      | Killed Ijyb
  6272 | D:6      | Reached skill level 13 in Axes
  6305 | D:6      | Found an ancient bone altar of Kikubaaqudgha.
  6334 | D:6      | Noticed Edmund
  6358 | D:6      | Acquired Beogh's third power
  6361 | D:6      | Killed Edmund
  7039 | D:7      | Reached skill level 14 in Axes
  7172 | D:7      | Reached XP level 9. HP: 65/68 MP: 9/9
  7632 | D:7      | Found a staircase to the Ecumenical Temple.
  7788 | D:8      | Reached skill level 15 in Axes
  8000 | D:8      | Reached skill level 16 in Axes
  8417 | D:8      | Reached skill level 17 in Axes
  8417 | D:8      | Reached XP level 10. HP: 56/74 MP: 10/10
  8450 | D:8      | Reached skill level 1 in Armour
  8821 | D:8      | Found a staircase to the Lair.
  8822 | D:8      | Acquired Beogh's fourth power
  9401 | D:8      | Found a radiant altar of Vehumet.
  9444 | D:8      | Found a bloodstained altar of Trog.
  9454 | D:8      | Reached skill level 5 in Armour
  9970 | D:9      | Gained Orkrul as an ally
 10612 | D:10     | Entered Level 10 of the Dungeon
 10638 | D:10     | Noticed a hill giant
 10646 | D:10     | Killed a hill giant
 11197 | D:10     | Noticed a hill giant
 11200 | D:10     | Noticed a hill giant
 11207 | D:10     | Killed a hill giant
 11207 | D:10     | Reached XP level 11. HP: 24/80 MP: 11/11
 11210 | D:10     | Your ally Orkrul died
 11212 | D:10     | Killed a hill giant
 11473 | D:10     | Noticed a hill giant
 11483 | D:10     | Killed a hill giant
 11483 | D:10     | Reached skill level 10 in Armour
 11523 | D:10     | Noticed a yaktaur captain
 11524 | D:10     | Noticed a deep elf high priest
 11530 | D:10     | Gained Berold as an ally
 11536 | D:10     | Killed a deep elf high priest
 11547 | D:10     | Killed a yaktaur captain
 11696 | D:10     | Noticed a wolf spider
 11708 | D:10     | Killed a wolf spider
 12095 | D:10     | Acquired Beogh's fifth power
 12184 | D:10     | Noticed a hill giant
 12188 | D:10     | Killed a hill giant
 12198 | D:10     | Found a shimmering altar of Xom.
 12438 | D:10     | Gained mutation: You have very sharp teeth. [potion of beneficial mutation]
 12506 | D:10     | Your ally Berold died
 12853 | Lair:1   | Entered Level 1 of the Lair of Beasts
 13514 | Lair:1   | Reached skill level 5 in Fighting
 14466 | Lair:2   | Gained Morun as an ally
 15016 | Lair:2   | Got a vibrating steel ring
 15610 | Lair:2   | Reached XP level 12. HP: 102/102 MP: 12/12
 15664 | Lair:3   | Gained Bogmar as an ally
 15728 | Lair:3   | Noticed Maud
 15745 | Lair:3   | Killed Maud
 15936 | Lair:3   | Identified the ring "Klyocs" {+Inv +Fly rC+ Stlth++} (You found it on level 2 of the Lair of Beasts)
 15950 | Lair:3   | Reached skill level 10 in Fighting
 15967 | Lair:3   | Gained Berold as an ally
 16807 | Lair:4   | Gained Warrok as an ally
 16931 | Lair:4   | Found a staircase to the Shoals.
 17779 | Lair:5   | Noticed a four-headed hydra
 17818 | Lair:5   | Found a hole to the Spider Nest.
 17819 | Lair:5   | Gained Bolgrim as an ally
 17841 | Lair:5   | Found a labyrinth entrance.
 17856 | Lair:5   | Noticed an eight-headed hydra
 17859 | Lair:5   | Killed an eight-headed hydra
 17934 | Lab      | Entered a labyrinth
 18439 | Lab      | Noticed a minotaur
 18446 | Lab      | Killed a minotaur
 18449 | Lab      | Got a polished scale mail
 18504 | Lair:5   | Identified the +1 scale mail of the Four Lives {Str+2 Dex+4 Int+2} (You took it off a minotaur in a labyrinth)
 18604 | Lair:5   | Your ally Bogmar died
 18607 | Lair:5   | Killed a four-headed hydra
 18619 | Lair:5   | Gained Bogmar as an ally
 18637 | Lair:5   | Reached XP level 13. HP: 113/124 MP: 4/13
 18799 | Lair:5   | Gained Hilgar as an ally
 18910 | Lair:5   | Noticed a six-headed hydra
 18919 | Lair:5   | Killed a 11-headed hydra
 19620 | Lair:6   | Found a staircase to the Slime Pits.
 19744 | Lair:6   | Reached skill level 15 in Fighting
 19879 | Lair:6   | Noticed Rupert
 19895 | Lair:6   | Killed Rupert
 21366 | Lair:8   | Entered Level 8 of the Lair of Beasts
 21759 | Lair:8   | Your ally Bogmar died
 22238 | Lair:8   | Gained mutation: You are partially covered in icy blue scales (AC +1). [potion of beneficial mutation]
 22361 | Lair:8   | Reached XP level 14. HP: 120/135 MP: 14/14
 22550 | Lair:8   | Reached skill level 15 in Armour
 23736 | D:11     | Found a roughly hewn altar of Beogh.
 23740 | D:11     | Found a staircase to the Orcish Mines.
 23750 | D:11     | Gained Bogbarth as an ally
 23841 | D:11     | Noticed a hill giant
 23848 | D:11     | Killed a hill giant
 23925 | D:11     | Noticed an unseen horror
 23932 | D:11     | Killed an unseen horror
 23947 | D:11     | Noticed a hill giant
 23950 | D:11     | Noticed an iron troll
 23951 | D:11     | Your ally Bogbarth died
 23960 | D:11     | Killed a hill giant
 23974 | D:11     | Killed an iron troll
 24218 | D:11     | Paralysed by a giant eyeball for 4 turns
 24225 | D:11     | Paralysed by a giant eyeball for 2 turns
 24353 | D:11     | Gained Bogmar as an ally
 24360 | D:11     | Noticed a tengu warrior
 24374 | D:11     | Killed a tengu warrior
 24760 | Orc:1    | Entered Level 1 of the Orcish Mines
 25332 | Orc:3    | Found a roughly hewn altar of Beogh.
 25372 | Orc:3    | Noticed Grum
 25384 | Orc:3    | Killed Grum
 25444 | Orc:3    | Found Oruntar's Book Emporium.
 25448 | Orc:3    | Found a staircase to the Elven Halls.
 25465 | Orc:3    | Found a roughly hewn altar of Beogh.
 25800 | Orc:4    | Entered Level 4 of the Orcish Mines
 25802 | Orc:4    | Gained Margrim as an ally
 26085 | Orc:4    | Found a roughly hewn altar of Beogh.
 26228 | Orc:4    | Your ally Margrim died
 26608 | Orc:4    | Found Psicoladd's Armour Emporium.
 26609 | Orc:4    | Found Xympaollue's Gadget Emporium.
 26609 | Orc:4    | Found Xoat's Food Emporium.
 26610 | Orc:4    | Found Waogg's Gadget Shoppe.
 26794 | Orc:4    | Bought the +9 armour of the Dragon King {rPois rF+ rC+ MR+} for 1372 gold pieces
 26794 | Orc:4    | Bought a +1 pair of gloves of dexterity for 181 gold pieces
 27245 | D:12     | Noticed Joseph
 27254 | D:12     | Killed Joseph
 27271 | D:12     | Noticed Urug
 27284 | D:12     | Killed Urug
 27368 | D:12     | Gained Oreg as an ally
 27466 | D:12     | Gained Arkwar as an ally
 27489 | D:12     | Found Simuang's Antique Armour Shop.
 27583 | D:13     | Found a blossoming altar of Fedhas.
 27604 | D:13     | Found a portal to a secret trove of treasure.
 27614 | D:13     | Found Plog's Book Emporium.
 27751 | D:13     | Noticed Josephine
 27761 | D:13     | Killed Josephine
 27896 | D:13     | Gained Wulfoc as an ally
 27919 | D:13     | Reached skill level 18 in Axes
 28304 | D:13     | Found a flagged portal.
 28318 | Bailey   | Entered a bailey
 28467 | Bailey   | Gained Wargath as an ally
 28498 | Bailey   | Got a fine iron ring
 28524 | Bailey   | Gained Bogwik as an ally
 28543 | Bailey   | Identified the ring of Adousot {Str+1 SInv} (You found it in a bailey)
 28811 | D:14     | Found Psihiaf's Armour Shop.
 28953 | D:14     | Found a gate to the Vaults.
 28981 | D:14     | Reached XP level 15. HP: 141/141 MP: 15/15
 28984 | D:14     | Reached skill level 19 in Axes
 29002 | D:14     | Got a bloodstained shield
 29150 | D:14     | Found a shattered altar of Ashenzari.
 29445 | D:15     | Entered Level 15 of the Dungeon
 29462 | D:15     | Noticed Azrael
 29468 | D:15     | Gained Blodwig as an ally
 29470 | D:15     | Killed Azrael
 29470 | D:15     | Gained Norbak as an ally
 29658 | D:15     | Gained Rocco as an ally
 29900 | D:15     | Found a staircase to the Depths.
 29915 | D:15     | Reached skill level 20 in Axes
 30624 | Spider:1 | Entered Level 1 of the Spider Nest
 30631 | Spider:1 | Gained Arkwar as an ally
 30633 | Spider:1 | Your ally Norbak died
 30715 | Spider:1 | Gained Wardok as an ally
 30739 | Spider:1 | Identified the +3 shield "Pnuhu" {Str+2 Dex-2} (You found it on level 14 of the Dungeon)
 30759 | Spider:1 | Noticed Sonja
 30764 | Spider:1 | Gained Bladwarg as an ally
 30769 | Spider:1 | Killed Sonja
 31249 | Spider:2 | Your ally Rocco died
 31627 | Spider:2 | Found a frozen archway.
 31652 | IceCv    | Entered an ice cave
 31668 | IceCv    | Gained Brandogh as an ally
 31687 | IceCv    | Your ally Brandogh died
 31815 | IceCv    | Gained Herok as an ally
 31815 | IceCv    | Reached skill level 21 in Axes
 31928 | IceCv    | Your ally Herok died
 32024 | IceCv    | Got a pair of transparent gloves
 32052 | IceCv    | Identified the +1 pair of gloves of Shielding {rC+ rN+ Str-2 Dam+4} (You found it in an ice cave)
 32172 | Spider:2 | Gained Orik as an ally
 32172 | Spider:2 | Gained Oruk as an ally
 32530 | Spider:3 | Gained Arbolt as an ally
 32581 | Spider:3 | Gained Arbeogh as an ally
 32589 | Spider:3 | Gained Boderik as an ally
 32764 | Spider:3 | Reached skill level 22 in Axes
 33032 | Spider:3 | Gained Judas as an ally
 33060 | Spider:3 | Reached XP level 16. HP: 117/149 MP: 16/16
 33746 | Spider:4 | Your ally Arkwar died
 33755 | Spider:4 | Gained Morbeogh as an ally
 33909 | Spider:4 | Gained Boghold as an ally
 33956 | Spider:4 | Gained Bogdar as an ally
 33970 | Spider:4 | Your ally Bogmar died
 34031 | Spider:4 | Gained Learuk as an ally
 34493 | Spider:5 | Entered Level 5 of the Spider Nest
 34723 | Spider:5 | Gained Gorbash as an ally
 34874 | Spider:5 | Got a gossamer rune of Zot
 34879 | Spider:5 | Your ally Hilgar died
 34901 | Spider:5 | Your ally Arbeogh died
 35010 | Spider:5 | Gained Arbeogh as an ally
 35518 | Shoals:1 | Entered Level 1 of the Shoals
 35608 | Shoals:3 | Identified a scroll of acquirement
 35610 | Shoals:3 | Got a bronze plate armour
 35611 | Shoals:3 | Identified the +2 plate armour "Roymi" {rElec rC+} (You acquired it on level 3 of the Shoals)
 35668 | Shoals:3 | Gained Ogrik as an ally
 35751 | Shoals:5 | Entered Level 5 of the Shoals
 35779 | Shoals:5 | Your ally Ogrik died
 35823 | Shoals:5 | Identified Feptics' Disquisition on the Helpful Traveller
 35894 | Shoals:5 | Your ally Boghold died
 35897 | Shoals:5 | Reached XP level 17. HP: 149/162 MP: 17/17
 35926 | Shoals:5 | Noticed Agnes
 35938 | Shoals:5 | Killed Agnes
 35938 | Shoals:5 | Gained Zorug as an ally
 35977 | Shoals:5 | Gained Dorog as an ally
 36032 | Shoals:5 | Noticed Saint Roka
 36049 | Shoals:5 | Killed Saint Roka
 36184 | Shoals:5 | Your ally Wardok died
 36192 | Shoals:5 | Gained Bogward as an ally
 36321 | Shoals:5 | Got a barnacled rune of Zot
 36419 | Shoals:2 | Gained Bladwarg as an ally
 36753 | Trove    | Entered a treasure trove
 36783 | Trove    | Got a pair of polished boots
 36787 | Trove    | Identified the +1 pair of boots of Compression {+Inv} (You found it in a treasure trove)
 36791 | Trove    | Got a pair of dazzling gloves
 36795 | Trove    | Identified the +0 pair of gloves "Mniuleustre" {Int+3 Stlth++} (You found it in a treasure trove)
 36808 | Trove    | Got a steaming buckler
 36925 | Vaults:1 | Entered Level 1 of the Vaults
 37120 | Vaults:1 | Your ally Arbolt died
 37125 | Vaults:1 | Your ally Bladwarg died
 37519 | Vaults:1 | Gained Grimold as an ally
 37560 | Vaults:1 | Gained Ugrim as an ally
 37575 | Vaults:1 | Your ally Ugrim died
 37658 | Vaults:1 | Noticed Nikola
 37668 | Vaults:1 | Killed Nikola
 37977 | Vaults:1 | Your ally Judas died
 38064 | Vaults:2 | Found a staircase to the Crypt.
 38064 | Vaults:2 | Found a basalt altar of Yredelemnul.
 38065 | Vaults:2 | Found an ancient bone altar of Kikubaaqudgha.
 38086 | Vaults:2 | Noticed Wiglaf
 38096 | Vaults:2 | Killed Wiglaf
 38314 | Vaults:2 | Your ally Boderik died
 38446 | Vaults:2 | Gained Orkrul as an ally
 38816 | Vaults:2 | Noticed Mennas
 38830 | Vaults:2 | Your ally Orkrul died
 38833 | Vaults:2 | Your ally Warrok died
 38835 | Vaults:2 | Killed Mennas
 38835 | Vaults:2 | Reached XP level 18. HP: 159/176 MP: 18/18
 38843 | Vaults:2 | Your ally Bladwarg died
 39219 | Vaults:2 | Gained Olfik as an ally
 39254 | Vaults:2 | Your ally Bogward died
 39354 | Vaults:3 | Found Traihur's Weapon Boutique.
 39367 | Vaults:3 | Gained Syrus as an ally
 40190 | Vaults:3 | Gained Herok as an ally
 40476 | Vaults:3 | Gained Arkwar as an ally
 41082 | Vaults:4 | Found a staircase to the Hall of Blades.
 41507 | Vaults:4 | Gained Boruk as an ally
 41511 | Vaults:4 | Gained Harm as an ally
 41854 | Vaults:5 | Entered Level 5 of the Vaults
 41858 | Vaults:5 | Your ally Berold died
 41859 | Vaults:5 | Your ally Wulfoc died
 41859 | Vaults:5 | Your ally Wargath died
 43358 | Vaults:4 | Reached XP level 19. HP: 132/188 MP: 18/18
 43504 | Vaults:4 | Your ally Olfik died
 43507 | Vaults:4 | Gained Boruk as an ally
 44017 | Vaults:5 | Your ally Blodwig died
 44019 | Vaults:5 | Your ally Zorug died
 44020 | Vaults:5 | Your ally Arbeogh died
 44022 | Vaults:5 | Your ally Bogwik died
 44025 | Vaults:5 | Your ally Morun died
 44027 | Vaults:5 | Your ally Orik died
 44028 | Vaults:5 | Your ally Morbeogh died
 44029 | Vaults:5 | Your ally Harm died
 44029 | Vaults:5 | Your ally Bolgrim died
 44030 | Vaults:5 | Your ally Syrus died
 44031 | Vaults:5 | Your ally Arkwar died
 44032 | Vaults:5 | HP: 9/189 [titan/the air (16)]
 44033 | Vaults:5 | Your ally Arkwar died
 44033 | Vaults:5 | Gained Gorbash as an ally
 44035 | Vaults:5 | Your ally Oreg died
 44036 | Vaults:5 | Your ally Boruk died
 44037 | Vaults:5 | Your ally Grimold died
 44039 | Vaults:5 | Your ally Gorbash died
 44041 | Vaults:5 | HP: 9/189 [orc priest/divine providence[an orc warlord] (13)]
 44041 | Vaults:5 | Your ally Dorog died
 44043 | Vaults:5 | Your ally Learuk died
 44046 | Vaults:5 | Your ally Herok died
 44052 | Vaults:5 | Your ally Oruk died
 44056 | Vaults:5 | Noticed a tentacled monstrosity
 44059 | Vaults:5 | Noticed a Brimstone Fiend
 44061 | Vaults:5 | Killed a tentacled monstrosity
 44116 | Vaults:5 | Your ally Gorbash died
 44124 | Vaults:5 | Your ally Bogdar died
 44137 | Vaults:5 | Noticed a tentacled monstrosity
 44146 | Vaults:5 | Killed a tentacled monstrosity
 44154 | Vaults:5 | Your ally Boruk died
 44294 | Vaults:5 | HP: 9/191 [chaos spawn[a deep elf high priest] (3)]
 44297 | Vaults:5 | HP: 3/191 [orc priest/divine providence[an orc warlord] (7)]
 44307 | Vaults:5 | Beogh protects you from harm!
 44580 | Vaults:5 | Noticed a bone dragon
 44601 | Vaults:5 | Killed a bone dragon
 44765 | Vaults:5 | Noticed a tentacled monstrosity
 44772 | Vaults:5 | Killed a tentacled monstrosity
 44933 | Vaults:5 | Gained Arbolt as an ally
 45022 | Vaults:5 | Your ally Arbolt died
 45032 | Vaults:5 | Noticed a golden dragon
 45047 | Vaults:5 | Killed a golden dragon
 45091 | Vaults:5 | Identified Sif Muna's Reference Book on Creation
 45202 | Vaults:5 | Identified the Catalogue of Conjuration
 45216 | Vaults:5 | Reached XP level 20. HP: 200/200 MP: 19/19
 45223 | Vaults:5 | Got a silver rune of Zot
 45680 | Orc:2    | Found a bloodstained altar of Trog.
 46173 | Depths:1 | Entered Level 1 of the Depths
 46225 | Depths:1 | Gained Nordag as an ally
 46523 | Depths:1 | Your ally Nordag died
 46531 | Depths:1 | Gained Argrim as an ally
 46574 | Depths:1 | Your ally Argrim died
 46689 | Depths:1 | Paralysed by a giant eyeball for 3 turns
 46787 | Depths:1 | Gained Morun as an ally
 46894 | Depths:1 | Gained Boghold as an ally
 46996 | Depths:1 | Found a gateway to Hell.
 47040 | Depths:1 | Reached skill level 23 in Fighting
 47377 | Depths:1 | Gained Borgoth as an ally
 47401 | Depths:1 | Found a shimmering altar of Xom.
 47402 | Depths:1 | You fall through a shaft!
 47494 | Depths:2 | Your ally Boghold died
 47527 | Depths:2 | Your ally Morun died
 47625 | Depths:2 | Found a glowing golden altar of the Shining One.
 48856 | Depths:2 | Reached XP level 21. HP: 212/212 MP: 12/20
 48865 | Depths:2 | Your ally Borgoth died
 48964 | Depths:2 | Reached skill level 24 in Fighting
 49867 | Depths:3 | Found a one-way gate leading to the halls of Pandemonium.
 50121 | Depths:3 | Gained Oreg as an ally
 51029 | Depths:4 | Gained Oruk as an ally
 51046 | Depths:4 | Reached skill level 25 in Fighting
 51088 | Depths:4 | Noticed an ancient lich
 51100 | Depths:4 | Killed an ancient lich
 51100 | Depths:4 | Reached XP level 22. HP: 130/225 MP: 20/20
 51400 | Depths:4 | Found a one-way gate to the infinite horrors of the Abyss.
 51700 | Depths:5 | Entered Level 5 of the Depths
 51755 | Depths:5 | Your ally Oruk died
 51772 | Depths:5 | Your ally Oreg died
 52148 | Depths:5 | Noticed Bloax's ghost (mighty VSBe)
 52150 | Depths:5 | Noticed Frederick
 52162 | Depths:5 | Killed Frederick
 52190 | Depths:5 | Killed Bloax's ghost
 52583 | Depths:5 | Noticed Boris
 52592 | Depths:5 | Killed Boris
 52592 | Depths:5 | Gained Arbeogh as an ally
 52609 | Depths:5 | Reached skill level 26 in Fighting
 52618 | Depths:5 | Found a gateway to a ziggurat.
 52701 | Depths:5 | Found a gate to the Realm of Zot.
 52713 | Depths:5 | Your ally Arbeogh died
 53115 | Depths:5 | Gained Jorge as an ally
 53314 | Zot:1    | Entered Level 1 of the Realm of Zot
 53424 | Zot:1    | Noticed an orb of fire
 53427 | Zot:1    | Gained mutation: Your mind is acute. (Int +2) [potion of beneficial mutation]
 53435 | Zot:1    | Your ally Jorge died
 53436 | Zot:1    | Gained mutation: Your body is slowly deteriorating. [an orb of fire]
 53453 | Zot:1    | Killed an orb of fire
 53453 | Zot:1    | Reached XP level 23. HP: 70/237 MP: 21/21
 54287 | Zot:2    | Gained Olfrun as an ally
 54328 | Zot:2    | Your ally Olfrun died
 54955 | Zot:2    | Noticed Tiamat
 54995 | Zot:2    | HP: 4/238 [red draconian/searing blast[Tiamat] (14)]
 55640 | Zot:2    | Reached skill level 27 in Fighting
 55663 | Zot:2    | Killed Tiamat
 56992 | Zot:3    | Reached skill level 27 in Armour
 57050 | Zot:3    | Gained Wargrak as an ally
 57056 | Zot:3    | Reached XP level 24. HP: 241/248 MP: 21/21
 57146 | Zot:3    | Noticed a curse toe
 57162 | Zot:3    | Killed a curse toe
 57313 | Zot:3    | Noticed an orb of fire
 57317 | Zot:3    | Gained mutation: You are frail (-10% HP). [an orb of fire]
 57320 | Zot:3    | Killed an orb of fire
 58944 | Zot:5    | Entered Level 5 of the Realm of Zot
 59229 | Zot:5    | Noticed MDvedh's ghost (great GrFi)
 59258 | Zot:5    | Killed MDvedh's ghost
 59555 | Zot:5    | Noticed a curse toe
 59563 | Zot:5    | Killed a curse toe
 59847 | Zot:5    | Your ally Wargrak died
 60404 | Zot:5    | Noticed an orb of fire
 60404 | Zot:5    | Gained mutation: You are resistant to hostile enchantments. [an orb of fire]
 60430 | Zot:5    | Gained mutation: You are weak. (Str -2) [an orb of fire]
 60440 | Zot:5    | Killed an orb of fire
 60440 | Zot:5    | Reached skill level 27 in Axes
 60440 | Zot:5    | Reached XP level 25. HP: 117/230 MP: 22/22
 60442 | Zot:5    | Noticed an ancient lich
 60446 | Zot:5    | Noticed an orb of fire
 60453 | Zot:5    | Noticed an ancient lich
 60454 | Zot:5    | Noticed an ancient lich
 60455 | Zot:5    | Noticed an orb of fire
 60460 | Zot:5    | HP: 4/230 [Orb Guardian (48)]
 60460 | Zot:5    | Demolished by an Orb Guardian

Action                   |  1- 3 |  4- 6 |  7- 9 | 10-12 | 13-15 | 16-18 | 19-21 | 22-24 | 25-27 || total
-------------------------+-------+-------+-------+-------+-------+-------+-------+-------+-------++-------
Melee: War axe           |    81 |   236 |   448 |   659 |   664 |       |       |       |       ||  2088
       Unarmed           |       |       |     2 |       |       |       |       |       |       ||     2
       Battleaxe         |       |       |       |       |   613 |   833 |  1374 |  1347 |     4 ||  4171
Invok: Convert to Beogh  |       |     1 |       |       |       |       |       |       |       ||     1
       Smiting           |       |       |     1 |     6 |     6 |     2 |     2 |     1 |       ||    18
       Recall Orcish Fol |       |       |       |    11 |    25 |    31 |    13 |     3 |       ||    83
Evoke: Wand              |       |     1 |     1 |     8 |    12 |     2 |    14 |     8 |     4 ||    50
  Use: Scroll            |       |    10 |     6 |    11 |    18 |    25 |    17 |     9 |       ||    96
       Potion            |       |       |     1 |     9 |     1 |     4 |    13 |     6 |     2 ||    36
 Stab: Distracted        |       |       |     1 |    10 |    18 |    23 |     8 |    10 |       ||    70
       Held in net/web   |       |       |       |       |     1 |       |       |       |       ||     1
       Paralysed         |       |       |       |       |       |     1 |       |       |       ||     1
       Confused          |       |       |       |       |       |       |       |     1 |       ||     1
